 Dungeon Crawl Stone Soup version 0.28.0-49-g6dfe1f597d (webtiles) character file.

Game seed: 14490313498416307586

168 firemarshallily the Skirmisher (level 5, -1/41 HPs)
             Began as a Djinni Summoner on May 17, 2022.
             Was an Initiate of Yredelemnul.
             Slain by a polar bear (5 damage)
             ... created by the rage of Trog
             ... on level 3 of the Dungeon.
             The game lasted 00:13:34 (3443 turns).

firemarshallily the Skirmisher (Djinni Summoner)    Turns: 3443, Time: 00:13:34

Health: -1/41      AC:  4    Str:  7    XL:     5   Next: 77%
Gold:   53         EV: 12    Int: 18    God:    Yredelemnul [......] SH:  0 Dex: 14

rFire   + + .      SeeInvis .   m - +3 quarterstaff (chaos)
rCold   x . .      Faith    .   (shield currently unavailable)
rNeg    . . .      Spirit   .   a - +0 robe
rPois   ∞          Reflect  .   (no helmet)
rElec   .          Harm     .   n - +1 cloak
rCorr   .          Rampage  .   (no gloves)
Will    .....                   (boots unavailable)
Stlth   ++........              (no amulet)
HPRegen 0.13/turn               (no ring)
MPRegen 0.00/turn               (no ring)

@: flying
A: sickness immunity, fire resistance 2, cold vulnerability 1, float, innate
caster, HP casting, extra vitality 1
a: Renounce Religion, Recall Undead Harvest


You were on level 3 of the Dungeon.
You worshipped Yredelemnul.
Yredelemnul was noncommittal.
You visited 1 branch of the dungeon, and saw 3 of its levels.

You collected 53 gold pieces.

Inventory:

Hand Weapons
 e - a +0 dagger
 m - a +3 quarterstaff of chaos (weapon)
Missiles
 d - 78 stones
 g - 6 poisoned darts
Armour
 a - a +0 robe (worn)
 b - a +0 leather armour
 k - a +0 buckler
 n - a +1 cloak (worn)
Scrolls
 f - a scroll of identify (quivered)
 h - a scroll of vulnerability {unknown}
Potions
 i - a potion of curing {unknown}
 l - a potion of lignification {unknown}


   Skills:
 + Level 4.1 Fighting
 - Level 0.2 Armour
 - Level 2.1 Dodging
 - Level 1.5 Stealth
 - Level 3.9 Spellcasting


You couldn't memorise any spells.
You knew the following spells:

 Your Spells              Type           Power      Damage    Failure   Level
a - Summon Small Mammal   Summ           68%        N/A       3%          1
b - Call Imp              Summ           17%        N/A       4%          2
c - Call Canine Familiar  Summ           17%        N/A       9%          3
d - Summon Guardian Gole  Hex/Summ       17%        N/A       9%          3
e - Summon Lightning Spi  Summ/Air       17%        N/A       30%         4
f - Slow                  Hex            68%        N/A       3%          1
g - Ensorcelled Hibernat  Hex/Ice        34%        N/A       4%          2
Your spell library was empty.

Dungeon Overview and Level Annotations

Branches:
Dungeon (3/15)

Altars:
Trog
Yredelemnul


Innate Abilities, Weirdness & Mutations

You are immune to sickness and miasma.
You are immune to poison.
Your flesh is very heat resistant. (rF++)
You are vulnerable to cold. (rC-)
You float through the air rather than walking.
You learn spells naturally, not from books.
Your magical power is your life essence.
You have superior vitality. (+4 MHP)


Message History

Your bat hits the centaur zombie.
Your bat hits the centaur zombie but does no damage.
The centaur zombie closely misses your bat.
The centaur zombie kicks your bat.
Your bat dies!
Your bat's corpse disappears in a puff of smoke!
The centaur zombie hits your crimson imp.
The centaur zombie kicks your crimson imp but does no damage.
Your quokka bites the centaur zombie.
Your crimson imp hits the centaur zombie.
The centaur zombie is destroyed!
Your Fighting skill increases to level 4!
You swap places.
You see here a +0 flail.
You start resting.
Your quokka disappears in a puff of smoke!
Your crimson imp blinks! x2
Trog sends monsters to punish you.
A black bear and 4 polar bears come into view.
As you read the scroll labelled USHROA RUMAMAO, it crumbles to dust.
It is a scroll of enchant armour.
Your +0 cloak glows green for a moment.
Your crimson imp blinks!
As you read the scroll labelled BUIQ NAKUB, it crumbles to dust.
It is a scroll of identify.
j - a scroll of fear The black bear bites you.
The black bear closely misses you. The black bear claws you.
The polar bear barely misses you. The polar bear claws you. x2
The polar bear rages.
The polar bear bites you!
* * * LOW HITPOINT WARNING * * *
The polar bear misses you.
The polar bear claws you but does no damage.
As you read the scroll of fear, it crumbles to dust.
You assume a fearsome visage.
The polar bear is unaffected.
The black bear is unaffected.
The polar bear is unaffected. x3
The polar bear bites you.
You die...
Your body rises from the dead as a mindless zombie.

....g. ....#
#...# ...##
##... #...# #h#
#h# #@## #hh#
#.##h# #.##.#
#.##.# #.##.#
#.##.## #.##..#
########.###.##


You could see 4 polar bears and a black bear (berserk).

Vanquished Creatures
  An adder (D:2)
  An endoplasm (D:1)
  A bat (D:1)
  A frilled lizard (D:2)
  A rat (D:1)
5 creatures vanquished.

Vanquished Creatures (collateral kills)
  A centaur zombie (D:3)
  Crazy Yiuf (D:2)
  4 gnolls (D:3)
  An adder (D:3)
  A worm (D:2)
  A dart slug (D:2)
  4 endoplasms
  2 giant cockroaches
  4 goblins
  4 hobgoblins
  2 quokkas (D:1)
  4 ball pythons (D:1)
  4 bats
  5 kobolds
  3 rats
41 creatures vanquished.

Vanquished Creatures (others)
  An adder zombie (D:2)
  3 gnoll zombies (D:3)
4 creatures vanquished.

Grand Total: 50 creatures vanquished

Notes
Turn   | Place    | Note
-------+----------+-------------------------------------------
     0 | D:1      | firemarshallily the Djinni Summoner began the quest for the
                  | Orb.
     0 | D:1      | Reached XP level 1. HP: 15/15 MP: 0/0
   277 | D:1      | Reached XP level 2. HP: 15/21 MP: 0/0
  1518 | D:1      | Reached skill level 1 in Fighting
  1518 | D:1      | Reached XP level 3. HP: 20/27 MP: 0/0
  1518 | D:1      | Learned a level 1 spell: Slow
  2336 | D:2      | Found a faded altar of an unknown god.
  2351 | D:2      | Prayed at the altar of an unknown god.
  2351 | D:2      | Became a worshipper of Trog the Wrathful
  2351 | D:2      | Reached * piety under Trog
  2384 | D:2      | Fell from the grace of Trog
  2516 | D:2      | Found a basalt altar of Yredelemnul.
  2526 | D:2      | Became a worshipper of Yredelemnul the Dark
  2659 | D:2      | Reached XP level 4. HP: 14/33 MP: 0/0
  2886 | D:2      | Reached skill level 2 in Fighting
  2889 | D:2      | Reached * piety under Yredelemnul
  2978 | D:2      | Found a runed translucent door.
  2979 | D:2      | Noticed Crazy Yiuf
  2990 | D:2      | Killed Crazy Yiuf
  3277 | D:3      | Reached skill level 3 in Fighting
  3279 | D:3      | Reached XP level 5. HP: 32/40 MP: 0/0
  3279 | D:3      | Learned a level 2 spell: Ensorcelled Hibernation
  3404 | D:3      | Reached skill level 4 in Fighting
  3441 | D:3      | Noticed a polar bear
  3441 | D:3      | Noticed a black bear
  3441 | D:3      | Noticed a polar bear
  3441 | D:3      | Noticed a polar bear
  3441 | D:3      | Noticed a polar bear
  3443 | D:3      | Slain by a polar bear

Illustrated notes

Levels and vault maps discovered:
D:1:      dpeg_arrival_stone_temple_mockup, layout_loops_ring, amethyst_killhole
D:2:      layout_basic, basic_altar, hellmonk_ecumenical_altar_arch_garden,
          uniq_crazy_yiuf_cottage
D:3:      layout_rooms, minmay_vboxes

Skill      XL: |  1  2  3  4  5 |
---------------+----------------+-----
Fighting       | 1 3 4 |  4.1
Armour         | |  0.2
Dodging        | |  2.1
Stealth        | |  1.5
Spellcasting   | |  3.9

Action                   |  1- 3 |  4- 6 || total
-------------------------+-------+-------++-------
Melee: Unarmed           |    15 |       ||    15
       Punch             |     2 |       ||     2
       Club              |     5 |       ||     5
       Dagger            |    18 |     1 ||    19
       Quarterstaff      |       |     1 ||     1
 Cast: Summon Small Mamm |    59 |    12 ||    71
       Call Imp          |    17 |     7 ||    24
       Call Canine Famil |     1 |     1 ||     2
Invok: Berserk           |     1 |       ||     1
       Renounce Religion |     1 |       ||     1
  Use: Scroll            |       |     3 ||     3
 Stab: Distracted        |     1 |       ||     1
       Sleeping          |     1 |       ||     1
Armor: Robe              |     8 |     2 ||    10
Dodge: Dodged            |    31 |     6 ||    37
